[Event "Titled Tuesday Blitz April 18 Late 2023"]
[White "Leiva, Gianmarco"]
[Black "Rasulov, Vugar"]
[WhiteFideId "3804399"]
[BlackFideId "13402390"]
[WhiteElo "2345"]
[BlackElo "2509"]
[Result "0-1"]
[Round "02"]
[TimeControl "180+2"]
[Date "2023.04.18"]
[WhiteClock "0:00:22"]
[BlackClock "0:00:25"]

1. e4 c5 2. Nf3 d6 3. Bb5+ Nd7 4. a4 Nf6 5. Nc3 g6 6. O-O Bg7 7. Re1 O-O 8. a5 a6 9. Bf1 e5 10. d3 Nb8 11. Nd5 Nxd5 12. exd5 Bg4 13. h3 Bxf3 14. Qxf3 Nd7 15. g4 f5 16. g5 e4 17. dxe4 f4 18. h4 Ne5 19. Qh3 h6 20. gxh6 Bxh6 21. f3 Qxh4 22. Qxh4 Nxf3+ 23. Kf2 Nxh4 24. Bh3 Bg7 25. Be6+ Kh7 26. Rh1 g5 27. Ra3 Kg6 28. Rb3 Rab8 29. Rb6 Be5 30. Bd2 Kf6 31. c3 Rh8 32. Be1 Rh7 33. Kf1 Rbh8 34. Bxh4 Rxh4 35. Rxh4 Rxh4 36. Rxb7 g4 37. Bxg4 Rxg4 38. Rb6 Kg5 39. Rxa6 f3 40. Ra8 Kf4 41. a6 Ke3 42. a7 f2 0-1


[Site "https://www.chess.com"]

[Event "Titled Tuesday Blitz April 18 Late 2023"]
[White "Moussard, Jules"]
[Black "Di Berardino, Diego Rafael"]
[WhiteFideId "642908"]
[BlackFideId "2105446"]
[WhiteElo "2610"]
[BlackElo "2432"]
[Result "1-0"]
[Round "02"]
[TimeControl "180+2"]
[Date "2023.04.18"]
[WhiteClock "0:00:18"]
[BlackClock "0:00:02"]

1. d4 d5 2. Nf3 Nf6 3. Bf4 c5 4. e3 Nc6 5. Nbd2 cxd4 6. exd4 Bf5 7. c3 e6 8. Bb5 Bd6 9. Bxd6 Qxd6 10. O-O O-O 11. Re1 Nd7 12. a4 h6 13. a5 a6 14. Bf1 f6 15. Qb3 Kh8 16. g3 e5 17. Nh4 Bh7 18. dxe5 fxe5 19. Qa3 Qf6 20. f3 g5 21. Ng2 Rg8 22. Ne3 Qf7 23. Qb3 Nf6 24. Ng2 Raf8 25. Qb6 d4 26. Bc4 Nd5 27. Qc5 Rd8 28. Ne4 Rgf8 29. Nd6 Qd7 30. Nxb7 Nf6 31. Nxd8 Rxd8 32. Rxe5 Nxe5 33. Qxe5 Qg7 34. cxd4 Re8 35. Qd6 g4 36. fxg4 Ne4 37. Qb6 Rf8 38. Bd5 Ng5 39. Nf4 Rxf4 40. gxf4 Nh3+ 41. Kh1 Qxg4 42. Qb8+ Kg7 43. Qc7+ Kh8 44. Qd8+ Kg7 45. Qe7+ Kg6 46. Qf7# 1-0


[Site "https://www.chess.com"]

[Event "Titled Tuesday Blitz April 18 Late 2023"]
[White "Deac, Bogdan-Daniel"]
[Black "Danielyan, Vahe"]
[WhiteFideId "1226380"]
[BlackFideId "13304828"]
[WhiteElo "2649"]
[BlackElo "2423"]
[Result "1-0"]
[Round "02"]
[TimeControl "180+2"]
[Date "2023.04.18"]
[WhiteClock "0:00:16"]
[BlackClock "0:00:04"]

1. b3 b6 2. Bb2 Bb7 3. Nf3 Nf6 4. g3 g6 5. Bg2 Bg7 6. c4 O-O 7. O-O d6 8. d4 Nbd7 9. Nc3 e5 10. d5 a5 11. e4 Nc5 12. Ne1 c6 13. Nc2 cxd5 14. exd5 Ne8 15. b4 Na6 16. bxa5 bxa5 17. Nb5 Nc5 18. Ba3 f5 19. Rb1 Rb8 20. Nxd6 Qxd6 21. Rb5 Rf7 22. Bxc5 Qf6 23. Rxa5 e4 24. Nd4 Nc7 25. Nb3 Rd8 26. Bd4 Qe7 27. Bxg7 Rxg7 28. Ra7 Bc8 29. Qd4 Rf7 30. Rd1 Qe8 31. Qb6 Rdd7 32. Ra5 Ne6 33. Ra8 Ng5 34. h4 Nf3+ 35. Bxf3 exf3 36. Nd4 Rfe7 37. Nxf3 f4 38. Qc6 Rd8 39. Qxe8+ Rexe8 40. Re1 Rf8 41. Nd4 fxg3 42. fxg3 Kg7 43. Rxc8 Rxc8 44. Ne6+ Kh6 45. Nxf8 Re8 46. Rxe8 1-0


[Site "https://www.chess.com"]

[Event "Titled Tuesday Blitz April 18 Late 2023"]
[White "Sabuk, Piotr"]
[Black "Eljanov, Pavel"]
[WhiteFideId "1137565"]
[BlackFideId "14102951"]
[WhiteElo "2298"]
[BlackElo "2598"]
[Result "0-1"]
[Round "02"]
[TimeControl "180+2"]
[Date "2023.04.18"]
[WhiteClock "0:00:07"]
[BlackClock "0:01:37"]

1. d4 Nf6 2. c4 e6 3. Nc3 d5 4. Nf3 Nbd7 5. g3 dxc4 6. Bg2 Rb8 7. a4 b6 8. e4 Bb7 9. Qe2 Bb4 10. Nd2 c5 11. Qxc4 cxd4 12. Qxb4 Nc5 13. O-O a5 14. Qb5+ Nfd7 15. Ncb1 Ba6 16. Qc6 Ke7 17. b4 Ne5 18. Qxc5+ bxc5 19. b5 Bb7 20. Ba3 Rc8 21. Rc1 Nd3 22. Rc2 f5 23. exf5 Bxg2 24. Kxg2 Qd5+ 25. Kg1 exf5 0-1


[Site "https://www.chess.com"]

[Event "Titled Tuesday Blitz April 18 Late 2023"]
[White "Svane, Rasmus"]
[Black "Ambartsumova, Karina"]
[WhiteFideId "4657101"]
[BlackFideId "4166299"]
[WhiteElo "2597"]
[BlackElo "2240"]
[Result "1-0"]
[Round "02"]
[TimeControl "180+2"]
[Date "2023.04.18"]
[WhiteClock "0:00:12"]
[BlackClock "0:00:03"]

1. Nf3 Nf6 2. g3 g6 3. Bg2 Bg7 4. O-O O-O 5. d4 d6 6. Re1 Nc6 7. d5 Nb4 8. c4 c5 9. e4 e5 10. Nc3 h6 11. a3 Na6 12. Rb1 Kh7 13. b4 b6 14. Bd2 Ng8 15. Nh4 f5 16. exf5 gxf5 17. Qc2 Ne7 18. f4 e4 19. Bf1 Ng6 20. Nxg6 Kxg6 21. Bg2 Kh7 22. Nd1 h5 23. Nf2 Qf6 24. h3 Bd7 25. Kh2 Rae8 26. Be3 Qc3 27. Qe2 Qxa3 28. b5 Nb4 29. Qxh5+ Kg8 30. Qe2 Nd3 31. Red1 Nb2 32. Rd2 Na4 33. Rg1 Qc3 34. Ra2 Qb3 35. Rc2 Nc3 36. Qd2 Nb1 37. Qe2 Nc3 38. Qd2 Nb1 39. Qd1 Qxe3 40. Qxb1 Bd4 41. Qd1 Rf7 42. Re1 Qb3 43. Nh1 Rg7 44. Rd2 Rf8 45. Qxb3 1-0


[Site "https://www.chess.com"]

[Event "Titled Tuesday Blitz April 18 Late 2023"]
[White "Suder, Jakub"]
[Black "Hakobyan, Aram"]
[WhiteFideId "1195310"]
[BlackFideId "13306677"]
[WhiteElo "2287"]
[BlackElo "2584"]
[Result "0-1"]
[Round "02"]
[TimeControl "180+2"]
[Date "2023.04.18"]
[WhiteClock "0:00:02"]
[BlackClock "0:00:12"]

1. d4 Nf6 2. c4 a6 3. Nc3 b5 4. cxb5 axb5 5. Nxb5 e5 6. e3 Ne4 7. Nc3 Bb4 8. Ne2 O-O 9. f3 exd4 10. Qxd4 Nxc3 11. bxc3 Nc6 12. Qd2 Qf6 13. Bb2 Bc5 14. Nd4 Nxd4 15. cxd4 Bd6 16. Bd3 Qh6 17. f4 Bb7 18. O-O Rfe8 19. Bc3 Bd5 20. a4 Re7 21. a5 Rae8 22. Rfe1 g5 23. a6 Qg7 24. a7 gxf4 25. e4 Ba8 26. d5 Qg5 27. Bd4 Qh5 28. Qf2 f3 29. gxf3 f6 30. Kh1 Be5 31. Rg1+ Kh8 32. Bxe5 fxe5 33. Rg3 c6 34. dxc6 Bxc6 35. Rag1 Qf7 36. Qe2 Rf8 37. Bc4 d5 38. exd5 Bxd5 39. Bxd5 Qxd5 40. Qe3 Ref7 41. Rh3 Rxf3 42. Rxf3 Rxf3 43. Qg5 Rg3+ 44. Rg2 Qxg2# 0-1


[Site "https://www.chess.com"]

[Event "Titled Tuesday Blitz April 18 Late 2023"]
[White "Terry, Renato"]
[Black "Janaszak, Dawid"]
[WhiteFideId "3803457"]
[BlackFideId "1119206"]
[WhiteElo "2575"]
[BlackElo "2220"]
[Result "1-0"]
[Round "02"]
[TimeControl "180+2"]
[Date "2023.04.18"]
[WhiteClock "0:00:58"]
[BlackClock "0:00:17"]

1. Nf3 Nf6 2. d4 d5 3. c4 e6 4. Nbd2 c5 5. dxc5 Bxc5 6. e3 O-O 7. a3 b6 8. b4 Bd6 9. Bb2 Bb7 10. Be2 Nbd7 11. O-O Rc8 12. Rc1 Qe7 13. cxd5 exd5 14. Nd4 Qe5 15. N2f3 Qh5 16. Rxc8 Rxc8 17. h3 Ne4 18. Nb5 Bb8 19. Ne5 Qxe5 20. Bxe5 Nxe5 21. Qa1 a6 22. Nd4 Nc4 23. Nf3 b5 24. a4 Bc6 25. axb5 Bxb5 26. Re1 h6 27. Qd4 Nf6 28. Rc1 Bd6 29. e4 Bf4 30. Rc2 Nxe4 31. Qxd5 Ned6 32. Nd4 Re8 33. g3 Re5 34. Qa8+ Re8 35. Qd5 Re5 36. Qf3 Bg5 37. Nxb5 axb5 38. Bd3 Re1+ 39. Kg2 Ne5 40. Qa8+ 1-0


[Site "https://www.chess.com"]

[Event "Titled Tuesday Blitz April 18 Late 2023"]
[White "Kleiman, Jake"]
[Black "Gupta, Abhijeet"]
[WhiteFideId "2020041"]
[BlackFideId "5010608"]
[WhiteElo "2608"]
[BlackElo "2528"]
[Result "1-0"]
[Round "02"]
[TimeControl "180+2"]
[Date "2023.04.18"]
[WhiteClock "0:00:04"]
[BlackClock "0:00:01"]

1. e4 c5 2. c3 d5 3. exd5 Qxd5 4. d4 Nf6 5. Nf3 e6 6. Na3 Nc6 7. Be3 cxd4 8. Nb5 Qd8 9. Nbxd4 Nxd4 10. Bxd4 Be7 11. Bd3 O-O 12. O-O Nd5 13. Re1 b6 14. Be4 Ba6 15. Qa4 Bb7 16. c4 f5 17. Bxd5 exd5 18. Rad1 Re8 19. cxd5 Bd6 20. Be5 Bxe5 21. Nxe5 Qd6 22. Nc4 Qf8 23. Qd7 Ba6 24. b3 Rad8 25. Qxa7 Bxc4 26. bxc4 Qb4 27. Rxe8+ Rxe8 28. h3 Qxc4 29. Qxb6 Qe2 30. Qb3 h6 31. d6+ Kh7 32. d7 Rd8 33. a4 Qe5 34. Qb5 Qe6 35. a5 f4 36. f3 Qe3+ 37. Kh1 Qf2 38. Qf5+ Kh8 39. Qxf4 Qe2 40. Qd4 Qe6 41. Qd5 Qa6 42. Qc5 Qb7 43. Qb6 1-0


[Site "https://www.chess.com"]

[Event "Titled Tuesday Blitz April 18 Late 2023"]
[White "Bortnyk, Olexandr"]
[Black "Lizak, Peter"]
[WhiteFideId "14120828"]
[BlackFideId "731595"]
[WhiteElo "2734"]
[BlackElo "2420"]
[Result "1-0"]
[Round "02"]
[TimeControl "180+2"]
[Date "2023.04.18"]
[WhiteClock "0:01:39"]
[BlackClock "0:00:34"]

1. d4 Nf6 2. Nc3 d5 3. Bf4 e6 4. Nb5 Bb4+ 5. c3 Ba5 6. a4 a6 7. b4 Bxb4 8. cxb4 axb5 9. axb5 Rxa1 10. Qxa1 O-O 11. e3 Nbd7 12. Nf3 Nh5 13. Bg3 Nxg3 14. hxg3 Nf6 15. Bd3 Bd7 16. Ne5 h6 17. O-O Ne8 18. Rc1 Nd6 19. Qa5 b6 20. Qa6 f6 21. Ng6 Re8 22. Qa7 Bxb5 23. Rxc7 Qxc7 24. Qxc7 Bxd3 25. Nf4 1-0


[Site "https://www.chess.com"]

[Event "Titled Tuesday Blitz April 18 Late 2023"]
[White "Martinez Reyes, Pedro Ramon"]
[Black "Kramnik, Vladimir"]
[WhiteFideId "3901807"]
[BlackFideId "4101588"]
[WhiteElo "2340"]
[BlackElo "2712"]
[Result "0-1"]
[Round "02"]
[TimeControl "180+2"]
[Date "2023.04.18"]
[WhiteClock "0:00:09"]
[BlackClock "0:00:45"]

1. e4 c5 2. Nf3 e6 3. d4 cxd4 4. Nxd4 a6 5. Bd3 Nf6 6. O-O Qc7 7. Qe2 d6 8. c4 Nbd7 9. Nc3 g6 10. Bf4 e5 11. Nd5 Nxd5 12. exd5 Bg7 13. Bg5 O-O 14. Nb3 h6 15. Bd2 f5 16. f3 b6 17. Rac1 Kh7 18. Kh1 a5 19. g4 a4 20. Na1 Nc5 21. Bb1 Qd8 22. Rg1 fxg4 23. fxg4 e4 24. Bc3 Qh4 25. Be1 Qf6 26. Bc3 Qf3+ 27. Qxf3 exf3 28. h3 Ra7 29. Rgf1 Re7 30. Bxg7 Kxg7 31. Rc2 h5 32. gxh5 Bxh3 33. Rff2 Nd3 34. h6+ Kh7 35. Rh2 Re1# 0-1


[Site "https://www.chess.com"]

[Event "Titled Tuesday Blitz April 18 Late 2023"]
[White "Svane, Frederik"]
[Black "Krishnan, Varun"]
[WhiteFideId "12923044"]
[BlackFideId "5054508"]
[WhiteElo "2502"]
[BlackElo "2605"]
[Result "1-0"]
[Round "02"]
[TimeControl "180+2"]
[Date "2023.04.18"]
[WhiteClock "0:00:11"]
[BlackClock "0:00:01"]

1. g3 c5 2. Bg2 Nc6 3. e4 g6 4. Ne2 Bg7 5. O-O e6 6. c3 d5 7. exd5 exd5 8. d4 cxd4 9. Nxd4 Nxd4 10. cxd4 Ne7 11. Nc3 O-O 12. Bg5 Be6 13. Re1 Re8 14. Qb3 h6 15. Bxe7 Rxe7 16. Bxd5 Bxd5 17. Nxd5 Rd7 18. Nf4 g5 19. Nh5 Bxd4 20. Rad1 Rc8 21. Rxd4 Rxd4 22. Re8+ Qxe8 23. Nf6+ Kg7 24. Nxe8+ Rxe8 25. Qxb7 Re1+ 26. Kg2 Re2 27. Qxa7 Rdd2 28. a4 Rxb2 29. a5 Ra2 30. Qd4+ Kg8 31. Qd8+ Kg7 32. Qd4+ Kg8 33. Kf3 Red2 34. Qb6 Rdb2 35. Qxh6 Rxa5 36. Qf6 Rbb5 37. Kg4 Ra8 38. Kh5 Rab8 39. g4 R8b6 40. Qd8+ Kg7 41. Qd4+ Kh7 42. Qe4+ Kg7 43. Qd4+ Kh7 44. Qe4+ Rg6 45. h4 Kg7 46. Qd4+ Kh7 47. Qe4 Kg7 48. Qd4+ Kh7 49. Qd3 Kg7 50. Qxb5 gxh4 51. Kxh4 Rh6+ 52. Kg3 Re6 53. f3 Rg6 54. Qe5+ 1-0


[Site "https://www.chess.com"]

[Event "Titled Tuesday Blitz April 18 Late 2023"]
[White "Plotnikov, Pavel"]
[Black "Sargsyan, Shant"]
[WhiteFideId "4170342"]
[BlackFideId "13306766"]
[WhiteElo "2298"]
[BlackElo "2628"]
[Result "1-0"]
[Round "02"]
[TimeControl "180+2"]
[Date "2023.04.18"]
[WhiteClock "0:00:12"]
[BlackClock "0:00:02"]

1. e4 g6 2. d4 Nf6 3. Nc3 d5 4. e5 Ne4 5. Nce2 f6 6. f3 Ng5 7. Bxg5 fxg5 8. Qd2 e6 9. Nh3 Be7 10. Nc1 c5 11. dxc5 Nd7 12. Bb5 O-O 13. Bxd7 Bxd7 14. Nd3 Bb5 15. O-O Bxd3 16. cxd3 Bxc5+ 17. d4 Be7 18. Rac1 Rf5 19. Nf2 Qb6 20. Ng4 Kg7 21. g3 Raf8 22. Kg2 h5 23. Ne3 R5f7 24. a3 Qb5 25. Rc3 g4 26. f4 g5 27. f5 exf5 28. e6 Rf6 29. Rc7 Rxe6 30. Rxf5 Kg6 31. Rxe7 Rxe3 32. Qxe3 Rxf5 33. Qe6+ Rf6 34. Qg8+ Kf5 35. Qh7+ Rg6 36. Rf7+ Ke4 37. Qxg6+ Kxd4 38. Qf6+ 1-0


[Site "https://www.chess.com"]

[Event "Titled Tuesday Blitz April 18 Late 2023"]
[White "Sjugirov, Sanan"]
[Black "cryptoguru02"]
[WhiteFideId "4189302"]
[WhiteElo "2569"]
[BlackElo "2603"]
[Result "1-0"]
[Round "02"]
[TimeControl "180+2"]
[Date "2023.04.18"]
[WhiteClock "0:02:33"]
[BlackClock "0:00:37"]

1. d4 d5 2. c4 e6 3. Nf3 Nf6 4. g3 Bb4+ 5. Bd2 Be7 6. Bg2 O-O 7. O-O c6 8. Bf4 Nh5 9. Bc1 Nd7 10. Qc2 f5 11. b3 Nhf6 12. Bb2 Ne4 13. e3 g5 14. Nbd2 g4 15. Ne1 Ndf6 16. Nd3 Nxd2 17. Qxd2 Ne4 18. Qc2 Bf6 19. Nf4 Qe7 20. a4 Bd7 21. Ba3 Qf7 22. Bxf8 Rxf8 23. b4 a6 24. Rab1 Nd6 25. cxd5 exd5 26. b5 axb5 27. axb5 Ne4 28. bxc6 bxc6 29. Rb7 Bg5 30. Nd3 Qe8 31. Ra1 Qc8 32. Raa7 Rf7 33. Ne5 1-0


[Site "https://www.chess.com"]

[Event "Titled Tuesday Blitz April 18 Late 2023"]
[White "Sokolovsky, Yahli"]
[Black "Durarbayli, Vasif"]
[WhiteFideId "2820242"]
[BlackFideId "13402935"]
[WhiteElo "2316"]
[BlackElo "2551"]
[Result "0-1"]
[Round "02"]
[TimeControl "180+2"]
[Date "2023.04.18"]
[WhiteClock "0:00:07"]
[BlackClock "0:00:19"]

1. b3 d5 2. Bb2 c5 3. e3 Nf6 4. Nf3 a6 5. d4 Nc6 6. a3 e6 7. Bd3 b5 8. c4 bxc4 9. bxc4 Rb8 10. Qc2 Qb6 11. Bc3 cxd4 12. exd4 dxc4 13. Bxc4 Bd6 14. O-O O-O 15. Nbd2 Bb7 16. d5 Nxd5 17. Ng5 g6 18. Nde4 Be7 19. Qd2 Nxc3 20. Qxc3 Qd4 21. Qh3 Qg7 22. Rae1 Nd4 23. Nf3 Nf5 24. a4 Rbc8 25. Bd3 Rc3 26. Rd1 Rxd3 27. Rxd3 Bxe4 28. Rd7 Bc6 29. Ra7 Ra8 30. Rc7 Bxa4 31. g4 Bd6 32. Rd7 Bxd7 33. gxf5 exf5 34. Rd1 Qf6 35. Qg2 Bc6 36. Rc1 Be4 37. Qg5 Qxg5+ 38. Nxg5 a5 0-1


[Site "https://www.chess.com"]

[Event "Titled Tuesday Blitz April 18 Late 2023"]
[White "Ibrahimli, Murad"]
[Black "Ozates, Tuna"]
[WhiteFideId "13410229"]
[BlackFideId "6354521"]
[WhiteElo "2364"]
[BlackElo "2151"]
[Result "1-0"]
[Round "02"]
[TimeControl "180+2"]
[Date "2023.04.18"]
[WhiteClock "0:00:27"]
[BlackClock "0:00:08"]

1. e4 c5 2. Nf3 Nc6 3. Bb5 g6 4. O-O Bg7 5. Re1 e5 6. a3 Nge7 7. Nc3 O-O 8. Rb1 h6 9. b4 b6 10. bxc5 bxc5 11. Bc4 d6 12. h3 Be6 13. d3 Qd7 14. Bd2 f5 15. Nd5 f4 16. Bc3 g5 17. Nh2 Ng6 18. Qh5 Kh7 19. Bb5 Rac8 20. Ba6 Rb8 21. Ng4 f3 22. g3 Bxd5 23. exd5 Nce7 24. Ne3 Qa4 25. Bc4 Qxa3 26. Bb3 Qa6 27. Ra1 Qb7 28. Qg4 Ng8 29. Qa4 Rf7 30. Kh2 Nf6 31. Qc6 Qxc6 32. dxc6 Rc7 33. Ra6 Ne7 34. Ba5 Rxc6 35. Rxa7 Ng6 36. Nf5 Ne8 37. Ba4 1-0


[Site "https://www.chess.com"]

[Event "Titled Tuesday Blitz April 18 Late 2023"]
[White "benny_aizenberg"]
[Black "Zhigalko_Sergei"]
[WhiteElo "2590"]
[BlackElo "2911"]
[Result "1/2-1/2"]
[Round "02"]
[TimeControl "180+2"]
[Date "2023.04.18"]
[WhiteClock "0:00:05"]
[BlackClock "0:00:02"]

1. e4 c5 2. Nf3 Nc6 3. Bb5 Nf6 4. e5 Nd5 5. O-O Nc7 6. Bxc6 dxc6 7. Nc3 h6 8. Re1 Bf5 9. d3 Ne6 10. h3 g5 11. a4 Bg7 12. a5 Qc7 13. Be3 Rd8 14. Na4 Rd5 15. Nc3 Rd8 16. Qe2 O-O 17. Bd2 c4 18. dxc4 Bxc2 19. Qe3 b6 20. axb6 axb6 21. Na4 Rb8 22. c5 Bxa4 23. Rxa4 bxc5 24. Bc3 Nf4 25. h4 f6 26. exf6 exf6 27. hxg5 hxg5 28. Qxc5 Rb7 29. Ra6 Rc8 30. Nd4 Qd7 31. Rxc6 Rbc7 32. Rxc7 Rxc7 33. Qf5 Qxf5 34. Nxf5 Kf7 35. g3 Nd5 36. Bd4 Bf8 37. Ra1 Nb4 38. Ra5 Rd7 39. Rb5 Nc6 40. Bc3 Kg6 41. g4 Ne7 42. Rb6 Nd5 43. Rc6 Kf7 44. Bd4 Be7 45. Kg2 Nf4+ 46. Kf3 Bd8 47. Be3 Nd5 48. Rd6 Rxd6 49. Nxd6+ Ke6 50. Nf5 Ba5 51. Ke4 Nc7 52. Nd4+ Kd7 53. Kf5 Nd5 54. Nf3 Bd8 55. Bd4 Ke7 56. Kg6 Ke6 57. Nd2 Nf4+ 58. Kg7 f5 59. f3 Kd5 60. Be3 fxg4 61. fxg4 Ke5 62. Nc4+ Ke4 63. Kh6 Nh3 64. Bd2 Kf3 65. Ne5+ Ke2 66. Bc1 Bf6 67. Bd2 Bxe5 68. Bxg5 Bxb2 69. Be7 Kf3 70. g5 Nf4 71. g6 Ne6 72. g7 Bxg7+ 73. Kg6 Bd4 74. Kf7 Nf4 75. Bf6 Be3 76. Bg5 Nd3 77. Bxe3 1/2-1/2


[Site "https://www.chess.com"]

[Event "Titled Tuesday Blitz April 18 Late 2023"]
[White "Paravyan, David"]
[Black "Pinheiro, Iung Alicio de O."]
[WhiteFideId "4194985"]
[BlackFideId "2104350"]
[WhiteElo "2563"]
[BlackElo "2283"]
[Result "0-1"]
[Round "02"]
[TimeControl "180+2"]
[Date "2023.04.18"]
[WhiteClock "0:00:01"]
[BlackClock "0:00:08"]

1. Nf3 d5 2. b4 Nf6 3. Bb2 Bf5 4. Nh4 Bg4 5. h3 Bc8 6. g4 e6 7. a3 c5 8. Bg2 cxb4 9. e3 Nc6 10. axb4 Bxb4 11. g5 Ne4 12. Bxe4 dxe4 13. Bxg7 Rg8 14. Bf6 Be7 15. Bxe7 Qxe7 16. f4 h6 17. Rg1 hxg5 18. Nc3 Rh8 19. Ng2 gxf4 20. Nxe4 Rxh3 21. Nxf4 Qh4+ 22. Nf2 Rh2 23. Qf3 Ne5 24. Qg3 Qxg3 25. Rxg3 Ke7 26. Rg8 Nd7 27. d4 Nf6 28. Rg1 Bd7 29. c4 Bc6 30. N2d3 a6 31. Ne5 Be4 32. Ra3 Rg8 33. Rxg8 Nxg8 34. Rb3 Rh1+ 35. Kd2 Rb1 36. Rxb1 Bxb1 37. c5 Nf6 38. Nc4 Be4 39. Nd6 Bc6 40. Nd3 Ne4+ 41. Nxe4 Bxe4 42. Ne5 f6 43. Nc4 Kd7 44. Kc3 Bd5 45. Nd2 Bg2 46. e4 Kc6 47. Kd3 f5 48. exf5 exf5 49. Ke3 Kd5 50. Nb3 Kc4 51. Nd2+ Kb4 52. Kf4 a5 53. Ke5 a4 54. Nb1 Be4 55. d5 Kxc5 56. d6 Bc6 57. Nc3 b5 58. Ne2 a3 59. Nd4 Bd7 60. Ne6+ Kb6 61. Nf8 Kc6 0-1


[Site "https://www.chess.com"]

[Event "Titled Tuesday Blitz April 18 Late 2023"]
[White "Dare-Dare"]
[Black "Grigoriants, Sergey"]
[BlackFideId "4130804"]
[WhiteElo "2585"]
[BlackElo "2502"]
[Result "1/2-1/2"]
[Round "02"]
[TimeControl "180+2"]
[Date "2023.04.18"]
[WhiteClock "0:00:06"]
[BlackClock "0:00:10"]

1. Nf3 d5 2. c4 d4 3. b4 Bg4 4. Ne5 Bf5 5. e3 f6 6. Qf3 Bxb1 7. Qxb7 fxe5 8. Qxa8 Bf5 9. Qxa7 Nf6 10. d3 dxe3 11. Bxe3 e6 12. Qa4+ Nbd7 13. Be2 Be7 14. O-O O-O 15. Qb3 Qa8 16. a4 Rb8 17. b5 e4 18. d4 e5 19. c5+ Kh8 20. c6 exd4 21. Bxd4 Nc5 22. Qc4 Ne6 23. a5 Nxd4 24. Qxd4 Rd8 25. Qc4 Bd6 26. b6 h6 27. Rfd1 Re8 28. Rxd6 cxd6 29. b7 Qa7 30. a6 e3 31. f3 d5 32. Qc1 d4 33. c7 d3 34. b8=Q Rxb8 35. cxb8=Q+ Qxb8 36. Qxe3 Qb2 37. Re1 dxe2 38. Qxe2 Qd4+ 39. Kh1 Bd3 40. Qe3 Qxe3 41. Rxe3 Bxa6 42. Re6 Bc4 43. Rd6 Bd5 44. Kg1 Kg8 45. Kf2 Kf7 46. Ra6 Bc4 47. Ra7+ Kg6 48. Kg3 h5 49. Rb7 Bd5 50. Ra7 Kh6 51. Ra6 Kg5 52. Ra5 h4+ 53. Kf2 Kf5 54. Ra4 g5 55. Ra5 Ke6 56. Ra6+ Ke5 57. Ra5 Nh5 58. Ra7 Nf4 59. Re7+ Kf6 60. Ra7 h3 61. gxh3 Nxh3+ 62. Kg3 Nf4 63. Ra6+ Be6 64. Ra5 Nh5+ 65. Kg2 Nf4+ 66. Kg3 Ne2+ 67. Kf2 Nd4 68. Kg3 Nf5+ 69. Kf2 Ne7 70. Kg3 Ng6 71. Ra6 Ke5 72. Ra5+ Kf6 73. Ra6 Ke5 74. Ra5+ Kf6 1/2-1/2


[Site "https://www.chess.com"]

[Event "Titled Tuesday Blitz April 18 Late 2023"]
[White "Fressinet, Laurent"]
[Black "Vlassov, Nikolai"]
[WhiteFideId "608742"]
[BlackFideId "4103360"]
[WhiteElo "2633"]
[BlackElo "2324"]
[Result "0-1"]
[Round "02"]
[TimeControl "180+2"]
[Date "2023.04.18"]
[WhiteClock "0:00:22"]
[BlackClock "0:00:11"]

1. e4 Nc6 2. Nf3 d5 3. exd5 Qxd5 4. Nc3 Qa5 5. Bb5 Bd7 6. O-O a6 7. b4 Qxb4 8. Rb1 Qa5 9. Bxc6 Bxc6 10. Nd4 Qc5 11. Nce2 e5 12. Nxc6 Qxc6 13. d4 O-O-O 14. Be3 Nf6 15. c4 Qxc4 16. Rc1 Qxa2 17. Nc3 Qa5 18. Bg5 exd4 19. Bxf6 gxf6 20. Ne4 Rg8 21. Qb3 Rg6 22. Qxf7 f5 23. Ng3 Bd6 24. Nxf5 Qe5 25. g3 Kb8 26. Rfe1 Qf6 27. Nxd6 Qxd6 28. Qxh7 d3 29. Red1 Re6 30. Rd2 Re2 31. Rcd1 Rxd2 32. Rxd2 c5 33. Qf7 Qd4 34. h4 c4 35. h5 c3 0-1


[Site "https://www.chess.com"]

[Event "Titled Tuesday Blitz April 18 Late 2023"]
[White "Lewicki, Miroslaw"]
[Black "Yoo, Christopher Woojin"]
[WhiteFideId "1113380"]
[BlackFideId "30909694"]
[WhiteElo "2212"]
[BlackElo "2519"]
[Result "0-1"]
[Round "02"]
[TimeControl "180+2"]
[Date "2023.04.18"]
[WhiteClock "0:00:01"]
[BlackClock "0:00:04"]

1. g3 d5 2. Bg2 Nf6 3. Nf3 c6 4. O-O Bg4 5. d4 e6 6. Ne5 Bh5 7. Bf4 Nbd7 8. Nd2 Be7 9. Re1 O-O 10. c3 Nxe5 11. dxe5 Nd7 12. Qb3 b5 13. e4 a5 14. exd5 Nc5 15. Qc2 Bg6 16. Qd1 cxd5 17. Bf1 b4 18. c4 Nd3 19. Bxd3 Bxd3 20. Rc1 Rc8 21. b3 g5 22. Nf3 dxc4 23. Be3 h6 24. bxc4 Bxc4 25. Nd4 Qd5 26. Qh5 Kh7 27. h4 Qe4 28. hxg5 Qg6 29. Qxh6+ Qxh6 30. gxh6 Bxa2 31. Ra1 b3 32. Bc1 Bb4 33. Re3 Bc3 34. Nxb3 Bxb3 35. Rb1 a4 36. Ba3 Rfd8 37. Rf3 Kxh6 38. Rxf7 Rd3 39. Rf6+ Kg7 40. Kg2 Bxe5 41. Rf3 Bd5 0-1


[Site "https://www.chess.com"]

[Event "Titled Tuesday Blitz April 18 Late 2023"]
[White "Suleymanli, Aydin"]
[Black "Gubajdullin, Alexei"]
[WhiteFideId "13413937"]
[BlackFideId "4141202"]
[WhiteElo "2559"]
[BlackElo "2279"]
[Result "1-0"]
[Round "02"]
[TimeControl "180+2"]
[Date "2023.04.18"]
[WhiteClock "0:00:12"]
[BlackClock "0:00:01"]

1. e4 c6 2. Nf3 d5 3. d3 dxe4 4. dxe4 Qxd1+ 5. Kxd1 g6 6. Ne1 Bh6 7. f3 f6 8. a4 Bxc1 9. Kxc1 a5 10. Nd2 Be6 11. Bc4 Bxc4 12. Nxc4 Nd7 13. Nd3 Nh6 14. h4 Nf7 15. h5 g5 16. Kd2 e6 17. Kc3 Ke7 18. Rhd1 Ra6 19. Ra3 Rha8 20. Rb3 Rb8 21. Na3 Nd6 22. Nc4 Nxc4 23. Kxc4 b5+ 24. Kd4 c5+ 25. Ke3 c4 26. Rxb5 cxd3 27. Rxd3 Rxb5 28. axb5 Rb6 29. c4 Nc5 30. Ra3 a4 31. Kd4 Kd6 32. Kc3 Ke5 33. Kb4 Kd4 34. Rc3 Rb8 35. Ka5 Nd3 36. Kxa4 Nxb2+ 37. Kb4 Nd3+ 38. Rxd3+ Kxd3 39. c5 Kd4 40. b6 f5 41. Kb5 fxe4 42. c6 e3 43. c7 Rc8 44. b7 Rxc7 45. b8=Q Rc2 46. Qd6+ Kc3 47. Qxe6 e2 48. Qe3+ Kb2 49. Kb4 h6 50. g3 Kb1 51. f4 Rb2+ 52. Kc3 Ra2 53. Qe4+ Kc1 54. Qh1+ e1=Q+ 55. Qxe1# 1-0


[Site "https://www.chess.com"]

[Event "Titled Tuesday Blitz April 18 Late 2023"]
[White "MKlose11"]
[Black "Anton Guijarro, David"]
[BlackFideId "2285525"]
[WhiteElo "2576"]
[BlackElo "2618"]
[Result "0-1"]
[Round "02"]
[TimeControl "180+2"]
[Date "2023.04.18"]
[WhiteClock "0:01:14"]
[BlackClock "0:01:23"]

1. e4 c5 2. Nc3 Nc6 3. g3 g6 4. Bg2 Bg7 5. d3 Rb8 6. Be3 d6 7. Qd2 b5 8. Nge2 b4 9. Nd1 Nf6 10. h3 O-O 11. O-O e5 12. Bh6 d5 13. Bxg7 Kxg7 14. exd5 Nxd5 15. Ne3 Nde7 16. f4 exf4 17. Nxf4 Nd4 18. c3 bxc3 19. bxc3 Ne6 20. Ned5 Nxd5 21. Nxd5 Bb7 22. c4 Nd4 23. Rae1 Qd6 24. g4 Rbe8 25. Rxe8 Rxe8 26. Nf6 Ne2+ 27. Kh1 Bxg2+ 28. Kxg2 Qg3+ 29. Kh1 Qxh3# 0-1


[Site "https://www.chess.com"]

[Event "Titled Tuesday Blitz April 18 Late 2023"]
[White "Pichot, Alan"]
[Black "Loiacono, Antonio"]
[WhiteFideId "110973"]
[BlackFideId "895415"]
[WhiteElo "2573"]
[BlackElo "2257"]
[Result "1-0"]
[Round "02"]
[TimeControl "180+2"]
[Date "2023.04.18"]
[WhiteClock "0:02:30"]
[BlackClock "0:02:14"]

1. e4 e5 2. Nf3 Nc6 3. Bb5 g6 4. d4 exd4 5. Bg5 f6 6. Bf4 Bg7 7. Nxd4 f5 8. e5 Nxe5 9. Ne6 Qe7 10. Nxg7+ Qxg7 11. Qe2 c6 12. Bxe5 1-0


[Site "https://www.chess.com"]